 Dungeon Crawl Stone Soup version 0.22-a0-346-ga714374 (webtiles) character file.

140 xccam the Magician (level 5, -3/37 HPs)
             Began as a Gnoll Wanderer on Apr 6, 2018.
             Splashed by a jelly's acid (6 damage)
             ... on level 3 of the Dungeon.
             The game lasted 00:06:31 (2818 turns).

xccam the Magician (Gnoll Wanderer)                 Turns: 2818, Time: 00:06:31

Health: -3/37      AC:  2    Str: 15    XL:     5   Next: 23%
Magic:  14/14      EV: 12    Int: 15    God:
Gold:   119        SH:  0    Dex: 20    Spells: 17/18 levels left

rFire    . . .     SeeInvis +   a - +2 dagger
rCold    . . .     Gourm    .   (no shield)
rNeg     . . .     Faith    .   d - +0 robe
rPois    .         Spirit   .   (no helmet)
rElec    .         Reflect  .   (no cloak)
rCorr    .         Harm     .   (no gloves)
MR       .....                  (no boots)
Stlth    +++.......             (no amulet)
HPRegen  0.12/turn              o - ring of see invisible
MPRegen  0.14/turn              g - +6 ring of dexterity

@: lethally poisoned (-3 -> -5), flying, hasted, very quick
A: distributed training, fangs 1, strong nose
a: no special abilities


You were on level 3 of the Dungeon.
You were not hungry.

You visited 1 branch of the dungeon, and saw 3 of its levels.

You collected 119 gold pieces.

Inventory:

Hand Weapons
 a - a +2 dagger (weapon)
 b - a cursed -2 spear
 c - a +0 mace of protection
Missiles
 l - 4 silver tomahawks (quivered)
Armour
 d - a +0 robe (worn)
 n - a cursed -2 scale mail
Jewellery
 g - a +6 ring of dexterity (right hand)
 o - a ring of see invisible (left hand)
Scrolls
 e - a scroll of enchant armour {unknown}
 p - a scroll of random uselessness {unknown}
 r - a scroll of remove curse
Potions
 h - 2 potions of cancellation
 i - a potion of haste
 k - a potion of curing {unknown}
 m - a potion of might {unknown}
Comestibles
 f - 5 rations
 q - 9 chunks of flesh


   Skills:
 + Level 1.4 Fighting
 + Level 1.4 Short Blades
 + Level 1.4 Long Blades
 + Level 1.4 Axes
 + Level 1.4 Maces & Flails
 + Level 1.4 Polearms
 + Level 1.4 Staves
 + Level 1.4 Slings
 + Level 1.4 Bows
 + Level 1.4 Crossbows
 + Level 2.9 Throwing
 + Level 1.4 Armour
 + Level 1.4 Dodging
 + Level 2.7 Stealth
 + Level 1.4 Shields
 + Level 1.4 Unarmed Combat
 + Level 7.2 Spellcasting
 + Level 1.1 Conjurations
 + Level 1.1 Hexes
 + Level 3.9 Charms
 + Level 1.1 Summonings
 + Level 2.3 Necromancy
 + Level 1.1 Translocations
 + Level 1.1 Transmutations
 + Level 1.1 Fire Magic
 + Level 1.1 Ice Magic
 + Level 1.1 Air Magic
 + Level 3.9 Earth Magic
 + Level 1.1 Poison Magic
 + Level 1.5 Invocations
 + Level 1.4 Evocations


You had 17 spell levels left.
You knew the following spells:

 Your Spells              Type           Power        Failure   Level  Hunger
a - Beastly Appendage     Tmut           #.....       9%          1    None


Dungeon Overview and Level Annotations

Branches:
Dungeon (3/15)

Altars:
Fedhas
Trog


Innate Abilities, Weirdness & Mutations

Your experience applies equally to all skills.
You have very sharp teeth.
Your uncanny sense of smell can sniff out nearby items.


Message History

You see here a leather armour.
The jelly barely misses you.
Found a stone staircase leading down.
You hit the jelly.
Your hands burn!
The jelly is moderately wounded.
The jelly hits you.
You are splashed with acid!
The acid burns!
* * * LOW HITPOINT WARNING * * *
You hit the jelly.
Your hands burn!
* * * LOW HITPOINT WARNING * * *
The jelly is heavily wounded.
Your horns disappear.
You feel sick. The jelly barely misses you.
Unknown command.
It was a potion of haste.
You feel yourself speed up. The jelly misses you.
It was a potion of flight.
You feel very buoyant.
You fly up into the air.
The jelly hits you.
* * * LOW HITPOINT WARNING * * *
You are splashed with acid!
The acid burns!
You die...

## #. .. #.####.## .#
....$...## ###.#
...<....(## ...
##.........#
#.####...........#
#.#... #.........#####
###)#.#
#......J......#
#.....#
#......@[w###>..
..##.### #.........#
#.##...###.........#
.....#.........†...#
#.##...............#
#.###..........(...#
...................#
..##.................#
.####..............#..


You could see a worm and a jelly.

Vanquished Creatures
  A worker ant (D:3)
  4 adders
  A gnoll (D:1)
  A worm (D:3)
  A dart slug (D:1)
  2 leopard geckos
  4 giant cockroaches (D:1)
  6 goblins
  6 hobgoblins
  5 jackals
  3 kobolds (D:1)
  A quokka (D:2)
  18 bats
  2 frilled lizards (D:1)
  8 rats
63 creatures vanquished.

Notes
Turn   | Place    | Note
-------+----------+-------------------------------------------
     0 | D:1      | xccam the Gnoll Wanderer began the quest for the Orb.
     0 | D:1      | xccam set off with: a +2 dagger, a potion of heal wounds, a +0 robe, a ration
     0 | D:1      | Reached XP level 1. HP: 13/13 MP: 8/8
     2 | D:1      | Learned a level 1 spell: Beastly Appendage
   148 | D:1      | Reached XP level 2. HP: 10/19 MP: 8/10
   554 | D:1      | Reached XP level 3. HP: 22/25 MP: 11/11
   751 | D:1      | Reached skill level 1 in Invocations
  1173 | D:1      | Reached skill level 1 in Fighting
  1173 | D:1      | Reached skill level 1 in Short Blades
  1173 | D:1      | Reached skill level 1 in Long Blades
  1173 | D:1      | Reached skill level 1 in Axes
  1173 | D:1      | Reached skill level 1 in Maces & Flails
  1173 | D:1      | Reached skill level 1 in Polearms
  1173 | D:1      | Reached skill level 1 in Staves
  1173 | D:1      | Reached skill level 1 in Slings
  1173 | D:1      | Reached skill level 1 in Bows
  1173 | D:1      | Reached skill level 1 in Crossbows
  1173 | D:1      | Reached skill level 1 in Armour
  1173 | D:1      | Reached skill level 1 in Dodging
  1173 | D:1      | Reached skill level 1 in Shields
  1173 | D:1      | Reached skill level 1 in Unarmed Combat
  1173 | D:1      | Reached skill level 1 in Evocations
  1456 | D:2      | Found a bloodstained altar of Trog.
  1482 | D:2      | Reached XP level 4. HP: 32/32 MP: 13/13
  2360 | D:2      | Found a blossoming altar of Fedhas.
  2724 | D:3      | Reached skill level 1 in Conjurations
  2724 | D:3      | Reached skill level 1 in Hexes
  2724 | D:3      | Reached skill level 1 in Summonings
  2724 | D:3      | Reached skill level 1 in Translocations
  2724 | D:3      | Reached skill level 1 in Transmutations
  2724 | D:3      | Reached skill level 1 in Fire Magic
  2724 | D:3      | Reached skill level 1 in Ice Magic
  2724 | D:3      | Reached skill level 1 in Air Magic
  2724 | D:3      | Reached skill level 1 in Poison Magic
  2769 | D:3      | Reached XP level 5. HP: 25/37 MP: 14/14
  2818 | D:3      | Splashed by a jelly's acid

Vault maps used:
D:1:      dpeg_arrival_short_road
D:2:      nicolae_overflow_hidden_temple, trog_book
D:3:      doesnt_xom_only_xom

Skill      XL: |  1  2  3  4 |
---------------+-------------+-----
Necromancy     | 2 |  2.3
Invocations    | 1 |  1.5
Fighting       | 1 |  1.4
Short Blades   | 1 |  1.4
Long Blades    | 1 |  1.4
Axes           | 1 |  1.4
Maces & Flails | 1 |  1.4
Polearms       | 1 |  1.4
Staves         | 1 |  1.4
Slings         | 1 |  1.4
Bows           | 1 |  1.4
Crossbows      | 1 |  1.4
Armour         | 1 |  1.4
Dodging        | 1 |  1.4
Shields        | 1 |  1.4
Unarmed Combat | 1 |  1.4
Evocations     | 1 |  1.4
Conjurations   | 1 |  1.1
Hexes          | 1 |  1.1
Summonings     | 1 |  1.1
Translocations | 1 |  1.1
Transmutations | 1 |  1.1
Fire Magic     | 1 |  1.1
Ice Magic      | 1 |  1.1
Air Magic      | 1 |  1.1
Poison Magic   | 1 |  1.1
Throwing       | |  2.9
Stealth        | |  2.7
Spellcasting   | |  7.2
Charms         | |  3.9
Earth Magic    | |  3.9

Action                   |  1- 3 |  4- 6 || total
-------------------------+-------+-------++-------
Melee: Dagger            |   115 |    87 ||   202
       Bite              |    11 |    10 ||    21
       Kick              |     2 |     6 ||     8
       Headbutt          |     1 |     3 ||     4
       Punch             |     1 |       ||     1
 Cast: Beastly Appendage |     4 |     4 ||     8
  Use: Scroll            |     2 |     1 ||     3
       Potion            |       |     3 ||     3
 Stab: Sleeping          |     7 |     4 ||    11
  Eat: Chunk             |     2 |     4 ||     6
Armor: Robe              |    37 |    17 ||    54
Dodge: Dodged            |    95 |    59 ||   154

Table legend:
 A = Spawn XP
 B = Non-spawn XP
 C = Spawn XP percentage of total XP
 D = Spawn monster count
 E = Non-spawn monster count
 F = Spawn count percentage of total count
 G = Total turns spent on level
                    A         B        C        D         E        F      G
               +---------+---------+-------+---------+---------+-------+---------
         Total |       0 |     201 |   0.0 |       0 |      63 |   0.0 |  2818
               +---------+---------+-------+---------+---------+-------+---------
           D:1 |       0 |      76 |   0.0 |       0 |      36 |   0.0 |  1405
           D:2 |       0 |      48 |   0.0 |       0 |      14 |   0.0 |  1295
           D:3 |       0 |      77 |   0.0 |       0 |      13 |   0.0 |   118
               +---------+---------+-------+---------+---------+-------+---------
